 Dungeon Crawl Stone Soup version 0.26.0-10-g1f06aea511 (webtiles) character file.

Game seed: 12798900611836167382

2739 Borgoz the Ducker (level 9, -2/75 HPs)
             Began as a Ghoul Gladiator on Jan 18, 2021.
             Was an Initiate of Ashenzari.
             Slain by a centaur (6 damage)
             ... on level 8 of the Dungeon.
             The game lasted 00:09:09 (7478 turns).

Borgoz the Ducker (Ghoul Gladiator)                 Turns: 7478, Time: 00:09:09

Health: -2/75      AC: 15    Str: 18    XL:     9   Next: 68%
Magic:  8/8        EV: 11    Int:  5    God:    Ashenzari [......]
Gold:   360        SH:  0    Dex: 15    Spells: 8/8 levels left

rFire    . . .     SeeInvis .   f - +7 long sword "Ghoul's Regret" {speed, Will+}
rCold    + . .     Faith    .   (no shield)
rNeg     + + +     Spirit   .   t - +1 chain mail of Pixki {*Contam rElec Int+2 Dex+2}
rPois    ∞         Reflect  .   c - +0 helmet
rElec    +         Harm     .   u - scarf {repulsion}
rCorr    .         Rampage  .   b - +0 pair of gloves
Will     ++...                  j - +1 pair of boots {Stlth+}
Stlth    ..........             (no amulet)
HPRegen  0.00/turn              v - ring of willpower
MPRegen  0.11/turn              (no ring)

@: hasted, repel missiles, very quick
A: claws 1, cold resistance 1, negative energy resistance 3, inhibited
regeneration, torment resistance, unbreathing
a: Renounce Religion, Curse Item


You were on level 8 of the Dungeon.
You worshipped Ashenzari.
Ashenzari was noncommittal.
You visited 2 branches of the dungeon, and saw 9 of its levels.

You collected 360 gold pieces.

Inventory:

Hand Weapons
 f - the +7 long sword "Ghoul's Regret" (weapon) {speed, Will+}
   (You found it on level 4 of the Dungeon)

   Attacks with this weapon are significantly faster.
   It affects your willpower, your defense against some magical effects.
 o - a +4 scimitar of freezing
Missiles
 d - 5 throwing nets (quivered)
Armour
 b - a +0 pair of gloves (worn)
 c - a +0 helmet (worn)
 j - a +1 pair of boots of stealth (worn)
 q - a +2 leather armour of fire resistance
 t - the +1 chain mail of Pixki (worn) {*Contam rElec Int+2 Dex+2}
   (You found it on level 6 of the Dungeon)

   It affects your intelligence (+2).
   It affects your dexterity (+2).
   It insulates you from electricity.
   It causes magical contamination when unequipped.
 u - a scarf of repulsion (worn)
Jewellery
 v - a ring of willpower (left hand)
Wands
 s - a wand of iceblast (7)
 w - a wand of random effects (16)
 x - a wand of disintegration (11)
Scrolls
 a - a scroll of blinking
 e - 8 scrolls of identify
 h - 2 scrolls of remove curse
 k - a scroll of fog
 n - 4 scrolls of teleportation
 p - 3 scrolls of enchant weapon
Potions
 g - a potion of resistance
 l - a potion of cancellation
 m - a potion of brilliance
 r - 3 potions of curing


   Skills:
 + Level 6.1 Fighting
 * Level 7.4 Long Blades
 - Level 1.7 Throwing
 + Level 4.5 Armour
 * Level 7.4 Dodging


You had 8 spell levels left.
You didn't know any spells.
Your spell library contained the following spells:

 Spells                   Type           Power        Failure   Level
 Corona                   Hex            0%           100%        1
 Slow                     Hex            0%           100%        2
 Inner Flame              Hex/Fire       0%           100%        3
 Portal Projectile        Hex/Tloc       0%           100%        3
 Cause Fear               Hex            0%           100%        4
 Leda's Liquefaction      Hex/Erth       0%           100%        4


Dungeon Overview and Level Annotations

Branches:
Dungeon (8/15)             Temple (1/1) D:7
   Lair: D:8-11

Altars:
Ashenzari
Cheibriados
Dithmenos
Elyvilon
Fedhas
Gozag
Hepliaklqana
Kikubaaqudgha
Makhleb
Nemelex Xobeh
Okawaru
Qazlal
Ru
Sif Muna
Trog
Uskayaw
Vehumet
Wu Jian
Xom
Yredelemnul
Zin
The Shining One


Innate Abilities, Weirdness & Mutations

You thrive by killing the living.
You are immune to poison.
You have sharp fingernails.
Your flesh is cold resistant. (rC+)
You are immune to negative energy. (rN+++)
You do not regenerate when monsters are visible.
You are immune to unholy pain and torment.
You can survive without breathing.


Message History

The two-headed ogre is lightly wounded.
The centaur barely misses you.
The two-headed ogre hits you with a +0 dire flail!
* * * LOW HITPOINT WARNING * * *
The two-headed ogre closely misses you.
Okay, then.
Okay, then.
Okay, then.
You feel yourself speed up. The centaur barely misses you.
The centaur closely misses you.
You hit the two-headed ogre.
The two-headed ogre is moderately wounded.
The two-headed ogre hits you with a +0 dire flail!
* * * LOW HITPOINT WARNING * * *
The two-headed ogre completely misses you.
Okay, then.
You slash the two-headed ogre!
The two-headed ogre is moderately wounded.
The centaur hits you.
You die...

#.# .# # #.# >#
.# #.###.##.##
#...(.....#
#.(.......##
#..(........
#...(?.....#
####..O......#.
.......@.....#
####...c>....#
#............)#
#.##..?......##
# ########.##
##


You could see a two-headed ogre and a centaur.

Vanquished Creatures
  A two-headed ogre (D:5)
  Menkaure (D:6)
  2 ice beasts (D:5)
  A sky beast (D:5)
  2 orc warriors
  2 ogres
  A phantom (D:6)
  2 centaurs (D:6)
  2 bullfrogs
  A scorpion (D:7)
  7 wights
  A bullfrog zombie (D:5)
  A jelly (D:5)
  5 orc wizards
  An orc priest (D:8)
  A bullfrog skeleton (D:8)
  4 worker ants
  Robin (D:4)
  3 gnolls (D:6)
  6 adders
  A howler monkey skeleton (D:4)
  2 shadow imps
  3 ufetubi (D:5)
  2 oozes
  An adder skeleton (D:4)
  An adder zombie (D:5)
  5 worms
  2 dart slugs
  7 leopard geckos
  15 orcs
  7 bats
  4 giant cockroaches
  21 goblins
  11 hobgoblins
  5 jackals
  16 kobolds
  A quokka (D:4)
  4 frilled lizards
  4 rats
157 creatures vanquished.

Notes
Turn   | Place    | Note
-------+----------+-------------------------------------------
     0 | D:1      | Borgoz the Ghoul Gladiator began the quest for the Orb.
     0 | D:1      | Reached XP level 1. HP: 17/17 MP: 0/0
   119 | D:1      | Reached XP level 2. HP: 24/24 MP: 1/1
   899 | D:2      | Reached XP level 3. HP: 30/30 MP: 2/2
  1647 | D:2      | Found a bloodstained altar of Trog.
  1659 | D:2      | Reached XP level 4. HP: 37/37 MP: 3/3
  2415 | D:3      | Reached skill level 1 in Armour
  3197 | D:3      | Reached XP level 5. HP: 45/45 MP: 4/4
  3271 | D:4      | Got a transparent long sword
  3272 | D:4      | Identified the +7 long sword "Ghoul's Regret" {speed,
                  | Will+} (You found it on level 4 of the Dungeon)
  3563 | D:4      | Noticed an ogre
  3574 | D:4      | Killed an ogre
  3575 | D:4      | Reached XP level 6. HP: 49/51 MP: 5/5
  3725 | D:4      | Found a shimmering blue altar of Sif Muna.
  3813 | D:5      | Entered Level 5 of the Dungeon
  3835 | D:5      | You fall into a shaft and drop 1 floor!
  3841 | D:6      | Noticed an ice beast
  4035 | D:6      | Noticed Menkaure
  4145 | D:6      | Killed Menkaure
  4146 | D:6      | Reached XP level 7. HP: 52/58 MP: 6/6
  4516 | D:5      | Reached skill level 5 in Dodging
  4675 | D:5      | Reached skill level 5 in Long Blades
  4959 | D:4      | Noticed Robin
  5131 | D:4      | Killed Robin
  5280 | D:6      | Noticed a two-headed ogre
  5289 | D:5      | Reached XP level 8. HP: 34/67 MP: 7/7
  5608 | D:5      | Killed a two-headed ogre
  5609 | D:5      | Reached skill level 5 in Fighting
  5609 | D:5      | Reached XP level 9. HP: 47/74 MP: 8/8
  6005 | D:6      | Got a brightly glowing chain mail
  6016 | D:6      | Identified the cursed +1 chain mail of Pixki {*Contam rElec
                  | Int+2 Dex+2} (You found it on level 6 of the Dungeon)
  6109 | D:6      | Found a snail-covered altar of Cheibriados.
  6350 | D:7      | Found a staircase to the Ecumenical Temple.
  6362 | Temple   | Entered the Ecumenical Temple
  6636 | Temple   | Became a worshipper of Ashenzari the Shackled
  7235 | D:8      | Noticed a seven-headed hydra
  7465 | D:8      | Noticed a two-headed ogre
  7478 | D:8      | Slain by a centaur

Illustrated notes

Levels and vault maps discovered:
D:1:      giann_horns, layout_loops_ring, serial_forest,
          infiniplex_forest_lined_2, infiniplex_forest_clump_curved,
          infiniplex_forest_straight_2, infiniplex_forest_lined_2
D:2:      layout_loops_corners, trog_hazing_becter
D:3:      minmay_evil_eye, layout_basic, minivault_24
D:4:      kennysheep_spiral_hall, layout_cave_pools, led_sif_pool, uniq_robin
D:5:      layout_gridville, minmay_hedge_maze
D:6:      layout_rooms, serial_corexii_hall, corexii_hall_statues_i,
          corexii_hall_statues_l, chequers_hall_statues_wall_a,
          kennysheep_slug_shrine, uniq_menkaure
D:7:      layout_cave_pools, minmay_temple_entry_offerings,
          kennysheep_generic_room_4
D:8:      layout_loops_ring, ebering_ghost_rock_garden, grunt_ministairs_11
Temple:   kilobyte_greek_temple

Skill      XL: |  1  2  3  4  5  6  7  8  9 |
---------------+----------------------------+-----
Dodging        | 3 4 5 6 7 |  7.4
Long Blades    | 3 4 5 6 7 |  7.4
Armour         | 1 2 3 4 |  4.5
Fighting       | 3 4 5 6 |  6.1
Throwing       | |  1.7

Action                   |  1- 3 |  4- 6 |  7- 9 || total
-------------------------+-------+-------+-------++-------
Melee: Long sword        |   118 |   139 |   206 ||   463
  Use: Scroll            |       |    15 |     5 ||    20
       Potion            |       |       |     3 ||     3
 Stab: Sleeping          |       |       |     2 ||     2
       Invisible         |       |       |     4 ||     4
Armor: Ring mail         |    59 |    38 |       ||    97
       Leather armour    |       |    14 |    37 ||    51
       Chain mail        |       |       |    29 ||    29
Dodge: Dodged            |    81 |   104 |   140 ||   325
       Rpst.: Long sword |    20 |    31 |    35 ||    86
